 Dungeon Crawl Stone Soup version 0.28.0 (webtiles) character file.

Game seed: 16577382362204904401

218 lonewolfV2 the Conjurer (level 5, 0/31 HPs)
             Began as an Octopode Conjurer on Feb 11, 2022.
             Slain by Grinder (3 damage)
             ... while paralysed by Grinder
             ... on level 3 of the Dungeon.
             The game lasted 00:10:49 (4703 turns).

lonewolfV2 the Conjurer (Octopode Conjurer)         Turns: 4703, Time: 00:10:49

Health: 0/31       AC:  1    Str:  6    XL:     5   Next: 95%
Magic:  2/9        EV:  2    Int: 22    God:
Gold:   34         SH:  0    Dex: 11    Spells: 3/9 levels left

rFire   . . .      SeeInvis +   (no weapon)
rCold   . . .      Faith    .   (no shield)
rNeg    . . .      Spirit   .   (helmet restricted)
rPois   .          Reflect  +   c - amulet of reflection
rElec   .          Harm     .   e - ring of see invisible
rCorr   .          Rampage  .   (no ring)
Will    .....                   (no ring)
Stlth   ++++......              (no ring)
HPRegen 0.10/turn               (no ring)
MPRegen 0.11/turn               (no ring)
                                (no ring)
                                (no ring)

@: paralysed
A: almost no armour, amphibious, 8 rings, camouflage 1, gelatinous body 1,
(nimble swimmer 1), tentacles
a: no special abilities


You were on level 3 of the Dungeon.
You visited 1 branch of the dungeon, and saw 4 of its levels.

You collected 34 gold pieces.

Inventory:

Jewellery
 a - an amulet of magic regeneration
 c - an amulet of reflection (around mantle)
 e - a ring of see invisible (left tentacle)
Wands
 f - a wand of acid (13)
Scrolls
 b - 2 scrolls of teleportation
 i - a scroll of immolation {unknown}
 j - a scroll of summoning {unknown}
Potions
 d - 3 potions of degeneration
 g - a potion of curing {unknown}
 h - a potion of brilliance {unknown}


   Skills:
 + Level 0.2 Fighting
 + Level 2.6 Dodging
 + Level 4.5 Stealth
 + Level 0.5 Shields
 + Level 0.4 Unarmed Combat
 + Level 2.9 Spellcasting
 + Level 5.5 Conjurations


You had 3 spell levels left.
You knew the following spells:

 Your Spells              Type           Power      Damage    Failure   Level
a - Magic Dart            Conj           100%       1d8       1%          1
b - Searing Ray           Conj           54%        2d6       1%          2
c - Dazzling Flash        Conj/Hex       30%        N/A       12%         3

Your spell library contained the following spells:

 Spells                   Type           Power      Damage    Failure   Level
 Animate Skeleton         Necr           6%         N/A       13%         1
 Apportation              Tloc           6%         N/A       13%         1
 Slow                     Hex            12%        N/A       13%         1
 Summon Small Mammal      Summ           12%        N/A       13%         1
 Confusing Touch          Hex            3%         N/A       36%         3
 Vampiric Draining        Necr           3%         2d6       36%         3
 Fulminant Prism          Conj/Hex       7%         3d7       38%         4
 Iskenderun's Mystic Bla  Conj/Tloc      15%        2d5       38%         4


Dungeon Overview and Level Annotations

Branches:
Dungeon (4/15)
 Temple: D:4-7

Altars:

Shops:
D:1 =   D:3 [

Annotations:
D:3 1 runed translucent door, Crazy Yiuf, Grinder


Innate Abilities, Weirdness & Mutations

You cannot wear most types of armour.
You are amphibious.
You can wear up to eight rings at the same time.
Your skin changes colour to match your surroundings (Stealth+).
Your rubbery body absorbs attacks. (AC +1, EV +1)
((You are camouflaged when in or above water. (Stealth+)))
You have tentacles for arms and can constrict up to eight enemies at once.


Message History

The magic dart hits Grinder.
Grinder is moderately wounded.
Casting: Magic Dart (safe; 1% risk of failure)
Confirm with . or Enter, or press ? or * to list all spells.
Aiming: Magic Dart (safe; 1% risk of failure)
Press: ? - help, Shift-Dir - straight line, f/p - Grinder
Aim: Grinder (moderately wounded, 100% to hit)
You miscast Magic Dart.
You are very lightly contaminated with residual magic.
Nothing appears to happen.
Casting: Magic Dart (safe; 1% risk of failure)
Confirm with . or Enter, or press ? or * to list all spells.
Aiming: Searing Ray (safe; 1% risk of failure)
Press: ? - help, Shift-Dir - straight line, f/p - Grinder
Aim: Grinder (moderately wounded, 77% to hit)
The searing ray hits Grinder.
Grinder is moderately wounded. (Press . to maintain the ray.)
The searing ray misses Grinder.
Grinder hits you.
You writhe in agony.
The searing ray hits Grinder!
Grinder is heavily wounded.
Grinder barely misses you.
You tentacle-slap Grinder. Your grab misses Grinder.
Grinder is heavily wounded.
You block Grinder's attack.
You barely miss Grinder. Your grab misses Grinder.
Grinder is heavily wounded.
Grinder says, "Just stop there for a second..."
Grinder gestures at you.
You suddenly lose the ability to move!
Grinder gestures at you. Pain shoots through your body!
Your magical contamination has completely faded away.
Grinder says, "DUCK!"
Grinder hits you!
* * * LOW HITPOINT WARNING * * *
You writhe in agony.
* * * LOW HITPOINT WARNING * * *
Grinder hits you.
You die...

.[..#
#.##.##....
..#÷# #########
#.##.##.###
#.#)# #.......#
#.##.##.###
#.#.# #.#####.#
#.##.......
#.#.#
#.###.#####.###
#.#.# #.....#
#.# #)#)#
#(##### #.#
#.#)# #$#####.#
#.# #.#)#
#^..@...# #.#
#.#)# ####5####
#.. ).#.# #.#
### ..#÷#####
#.# ...)....#
#.# ).#####.#
#.. ........
... #####
.######.
..##....## .#
##......#


You could see Grinder.

Vanquished Creatures
  A scorpion (D:4)
  Ijyb (D:3)
  Robin (D:3)
  4 adders
  A worm (D:3)
  2 dart slugs (D:2)
  6 orcs (D:3)
  5 bats
  6 endoplasms
  8 giant cockroaches (D:3)
  15 goblins
  5 hobgoblins
  2 quokkas
  7 ball pythons
  7 frilled lizards
  5 kobolds
  2 rats (D:2)
78 creatures vanquished.

Vanquished Creatures (others)
  2 fungi (D:3)
2 creatures vanquished.

Grand Total: 80 creatures vanquished

Notes
Turn   | Place    | Note
-------+----------+-------------------------------------------
     0 | D:1      | lonewolfV2 the Octopode Conjurer began the quest for the
                  | Orb.
     0 | D:1      | Reached XP level 1. HP: 11/11 MP: 3/3
   380 | D:1      | Reached XP level 2. HP: 17/17 MP: 1/5
   383 | D:1      | Learned a level 2 spell: Searing Ray
   869 | D:1      | Found a faded altar of an unknown god.
   931 | D:1      | Found Yloylae's Jewellery Emporium.
  1300 | D:2      | Reached XP level 3. HP: 21/21 MP: 2/6
  1304 | D:2      | Learned a level 3 spell: Dazzling Flash
  1656 | D:2      | Reached skill level 5 in Conjurations
  2546 | D:3      | Reached XP level 4. HP: 27/27 MP: 0/7
  3109 | D:3      | Found a runed translucent door.
  3110 | D:3      | Noticed Crazy Yiuf
  3131 | D:3      | Noticed Ijyb
  3138 | D:3      | Killed Ijyb
  3242 | D:3      | Found Duekhlu's Antique Armour Shoppe.
  3316 | D:3      | Noticed Robin
  3323 | D:3      | Killed Robin
  3340 | D:3      | Reached XP level 5. HP: 11/31 MP: 0/8
  4227 | D:3      | You fall into a shaft and drop 1 floor!
  4691 | D:3      | Noticed Grinder
  4700 | D:3      | Paralysed by Grinder for 5 turns
  4703 | D:3      | Slain by Grinder

Illustrated notes

Levels and vault maps discovered:
D:1:      dpeg_arrival_snail, layout_basic, serial_shops, nicolae_shop_crystal,
          shapermc_ecumenical_altar_starsandcircs, nicolae_figureground_sparkle
D:2:      layout_loops_ring
D:3:      minmay_roachtagon, layout_loops_ring, serial_shops, shop,
          grunt_ministairs_12, uniq_crazy_yiuf_cottage, uniq_grinder,
          uniq_robin, uniq_ijyb
D:4:      layout_loops_ring, uniq_eustachio

Skill      XL: |  1  2  3  4 |
---------------+-------------+-----
Stealth        | 3 4 |  4.5
Conjurations   | 5 |  5.5
Fighting       | |  0.2
Dodging        | |  2.6
Shields        | |  0.5
Unarmed Combat | |  0.4
Spellcasting   | |  2.9

Action                   |  1- 3 |  4- 6 || total
-------------------------+-------+-------++-------
Melee: Unarmed           |     6 |    37 ||    43
       Constrict         |     1 |    11 ||    12
       Tentacles         |     1 |     9 ||    10
 Cast: Magic Dart        |    56 |    55 ||   111
       Searing Ray       |     7 |     8 ||    15
       Dazzling Flash    |     2 |       ||     2
  Use: Scroll            |     5 |       ||     5
Armor: Skin              |       |     1 ||     1
Dodge: Dodged            |    25 |    25 ||    50
Block: Other             |     3 |    16 ||    19
       Reflection        |       |     1 ||     1
